 Dungeon Crawl Stone Soup version 0.29-a0-298-g3c90f9a769 (webtiles) character file.

Game seed: 12494614487884334195

30 Ajdolov the Covert (level 3, -4/35 HPs)
             Began as a Gnoll Delver on Mar 23, 2022.
             Slain by a gnoll
             ... wielding a +0 spear
              (9 damage)
             ... on level 6 of the Dungeon.
             The game lasted 00:01:47 (392 turns).

Ajdolov the Covert (Gnoll Delver)                    Turns: 392, Time: 00:01:48

Health: -4/35      AC:  3    Str: 11    XL:     3   Next: 20%
Magic:  3/3        EV: 13    Int:  9    God:
Gold:   7          SH:  0    Dex: 15    Spells: 3/3 levels left

rFire   . . .      SeeInvis .   a - +0 falchion
rCold   . . .      Faith    .   (no shield)
rNeg    . . .      Spirit   .   b - +0 leather armour
rPois   .          Reflect  .   (no helmet)
rElec   .          Harm     .   (no cloak)
rCorr   .          Rampage  .   (no gloves)
Will    .....                   (no boots)
Stlth   ++++......              (no amulet)
HPRegen 0.11/turn               (no ring)
MPRegen 0.08/turn               (no ring)

@: no status effects
A: fangs 1, strong nose, distributed training
a: no special abilities


You were on level 6 of the Dungeon.
You visited 1 branch of the dungeon, and saw 2 of its levels.

You collected 7 gold pieces.

Inventory:

Hand Weapons
 a - a +0 falchion (weapon)
Armour
 b - a +0 leather armour (worn)
Wands
 g - a wand of digging (3)
Scrolls
 c - a scroll of fog
 d - a scroll of magic mapping
 e - a scroll of fear
Potions
 h - a potion of heal wounds {unknown}


   Skills:
 + Level 6.5 Fighting
 + Level 0.6 Short Blades
 + Level 4.5 Long Blades
 + Level 0.6 Axes
 + Level 0.6 Maces & Flails
 + Level 0.6 Polearms
 + Level 0.6 Staves
 + Level 0.6 Slings
 + Level 0.6 Bows
 + Level 0.6 Crossbows
 + Level 0.6 Throwing
 + Level 0.6 Armour
 + Level 4.5 Dodging
 + Level 9.5 Stealth
 + Level 0.6 Shields
 + Level 0.6 Unarmed Combat
 + Level 0.6 Spellcasting
 + Level 0.4 Conjurations
 + Level 0.4 Hexes
 + Level 0.4 Summonings
 + Level 0.4 Necromancy
 + Level 0.4 Translocations
 + Level 0.4 Transmutations
 + Level 0.4 Fire Magic
 + Level 0.4 Ice Magic
 + Level 0.4 Air Magic
 + Level 0.4 Earth Magic
 + Level 0.4 Poison Magic
 + Level 0.8 Invocations
 + Level 0.6 Evocations


You had 3 spell levels left.
You didn't know any spells.
Your spell library was empty.

Dungeon Overview and Level Annotations

Branches:
Dungeon (6/15)
 Temple: D:4-7

Altars:
Cheibriados

Shops:
D:5 (!

Annotations:
D:5 exclusions: 3 orc priests and orc wizard
D:6 Menkaure


Innate Abilities, Weirdness & Mutations

You have very sharp teeth.
Your uncanny sense of smell can sniff out nearby items.
Your experience applies equally to all skills.


Message History

You barely miss the orc. The orc barely misses you.
You slash the orc!
You kill the orc!
You see here a +0 hand axe.
You start resting.
Your extra speed is starting to run out.
You start resting.
You feel yourself slow down.
You start resting.
A gnoll comes into view. It is wielding a +0 spear.
There is an open door here.
You start resting.
A gnoll opens the door.
It is wielding a +0 spear.
The gnoll moves out of view.
There is an open door here.
You see here a +0 hand axe.
A gnoll comes into view. It is wielding a +0 spear.
A gnoll opens the door.
There is an open door, spattered with blood here.
Things that are here:
a +0 robe; a +0 dagger The gnoll shouts! x2
You hit the gnoll.
The gnoll is heavily wounded.
The gnoll closely misses you.
You hit the gnoll.
The gnoll is severely wounded.
The gnoll misses you. The gnoll hits you with a +0 spear.
You hit the gnoll but do no damage.
The gnoll is severely wounded.
The gnoll hits you from afar with a +0 spear.
The gnoll hits you with a +0 spear.
* * * LOW HITPOINT WARNING * * *
Unknown command.
You hit the gnoll but do no damage.
The gnoll is severely wounded.
The gnoll hits you from afar with a +0 spear.
* * * LOW HITPOINT WARNING * * *
The gnoll hits you with a +0 spear!
You die...

#o.........# .
###'###+###+### .
#..#.......#..#.#
###..#.......#.g#.#
#.'..'###'###'..'.
##.#..#.'...'.#.g#
##..#..# #. #g#..#
#...+##+ #._ #.g##+
##..#..# #...#.#@.#
#...#..# +...')#..#
#...'..+###+###'..+
#...#..#.......#..#
##..#..#.......#..#
######+###+###+###
##..##.........
#....#.########
#......##


You could see 2 gnolls.

Vanquished Creatures
  An orc wizard (D:6)
  3 orcs
4 creatures vanquished.

Notes
Turn   | Place    | Note
-------+----------+-------------------------------------------
     0 | D:5      | Reached skill level 9 in Stealth
     0 | D:5      | Ajdolov the Gnoll Delver began the quest for the Orb.
     0 | D:5      | Reached XP level 1. HP: 23/23 MP: 1/1
     6 | D:5      | Noticed a scorpion
    18 | D:5      | Found Iloerchont's Distillery.
    18 | D:5      | Found Siudor's Weapon Emporium.
    28 | D:5      | Noticed an orc priest
    29 | D:5      | Noticed an orc priest
    82 | D:5      | Noticed an orc priest
    82 | D:5      | Noticed an orc wizard
   110 | D:5      | Noticed a jelly
   177 | D:6      | Noticed Menkaure
   199 | D:6      | Noticed an orc wizard
   239 | D:6      | Killed an orc wizard
   240 | D:6      | Reached XP level 2. HP: 9/29 MP: 2/2
   240 | D:6      | Reached XP level 3. HP: 11/35 MP: 3/3
   269 | D:6      | Found a snail-covered altar of Cheibriados.
   392 | D:6      | Slain by a gnoll

Illustrated notes

Levels and vault maps discovered:
D:5:      layout_basic, nicolae_wooded_promenade, grunt_decor_one_mirror,
          roderic_serpentine_path, minmay_fractal_squares_5,
          uniq_crazy_yiuf_cottage
D:6:      layout_cave_pods, mainiacjoe_overflow_24_doors,
          grunt_temple_overflow_open, minmay_fractal_squares_diagonal_5,
          uniq_menkaure

Skill      XL: | |
---------------+-+-----
Stealth        | |  9.5
Fighting       | |  6.5
Short Blades   | |  0.6
Long Blades    | |  4.5
Axes           | |  0.6
Maces & Flails | |  0.6
Polearms       | |  0.6
Staves         | |  0.6
Slings         | |  0.6
Bows           | |  0.6
Crossbows      | |  0.6
Throwing       | |  0.6
Armour         | |  0.6
Dodging        | |  4.5
Shields        | |  0.6
Unarmed Combat | |  0.6
Spellcasting   | |  0.6
Conjurations   | |  0.4
Hexes          | |  0.4
Summonings     | |  0.4
Necromancy     | |  0.4
Translocations | |  0.4
Transmutations | |  0.4
Fire Magic     | |  0.4
Ice Magic      | |  0.4
Air Magic      | |  0.4
Earth Magic    | |  0.4
Poison Magic   | |  0.4
Invocations    | |  0.8
Evocations     | |  0.6

Action                   || total
-------------------------++-------
Melee: Falchion          ||    26
       Bite              ||     3
  Use: Potion            ||     1
Armor: Leather armour    ||     1
Dodge: Dodged            ||    11

Table legend: (Time is in decaauts)
 A = Elapsed time spent in this place.
 B = Non-inter-level travel time spent in this place.
 C = Inter-level travel time spent in this place.
 D = Time resting spent in this place.
 E = Time spent auto-exploring this place.
 F = Levels seen in this place.
 G = Mean time per level.
                   A        B        C        D        E       F      G
               +--------+--------+--------+--------+--------+-----+--------+
         Total |    374 |    374 |      0 |    119 |      6 |   2 |  187.0 |
       Dungeon |    374 |    374 |      0 |    119 |      6 |   2 |  187.0 |
               +--------+--------+--------+--------+--------+-----+--------+

Top non-repeatable levels by time:
     D:6: 197 daAuts
     D:5: 177 daAuts
